 Dungeon Crawl Stone Soup version 0.29-a0-371-g91724d5b39 (webtiles) character file.

Game seed: 14524018626886829340

120 spaghetti the Bolt Thrower (level 5, -3/43 HPs)
             Began as a Gnoll Wanderer on May 3, 2022.
             Was a Follower of Ru.
             Slain by a gnoll
             ... wielding a +0 halberd
              (10 damage)
             ... on level 3 of the Dungeon.
             The game lasted 00:02:51 (1606 turns).

spaghetti the Bolt Thrower (Gnoll Wanderer)         Turns: 1606, Time: 00:02:52

Health: -3/43      AC:  2    Str: 10    XL:     5   Next: 4%
Magic:  6/6        EV: 12    Int:  9    God:    Ru [*.....]
Gold:   60         SH:  0    Dex: 17    Spells: 6/6 levels left

rFire   . . .      SeeInvis .   a - +3 falchion {long}
rCold   . . .      Faith    .   (no shield)
rNeg    . . .      Spirit   .   d - +0 robe
rPois   .          Reflect  .   (no helmet)
rElec   .          Harm     .   (no cloak)
rCorr   .          Rampage  .   (no gloves)
Will    .....                   (no boots)
Stlth   ++........              (no amulet)
HPRegen 0.14/turn               (no ring)
MPRegen 0.10/turn               (no ring)

@: no status effects
A: fangs 1, cowardly, strong nose, distributed training
a: Renounce Religion


You were on level 3 of the Dungeon.
You worshipped Ru.
Ru was aware of your devotion.
You visited 1 branch of the dungeon, and saw 3 of its levels.

You collected 60 gold pieces.


Innate Abilities, Weirdness & Mutations

You have very sharp teeth.
Your cowardice makes you less effective in combat with threatening foes.
Your uncanny sense of smell can sniff out nearby items.
Your experience applies equally to all skills.


   Skills:
 + Level 4.7 Fighting
 + Level 1.3 Short Blades
 + Level 6.6 Long Blades
 + Level 1.3 Axes
 + Level 1.3 Maces & Flails
 + Level 1.3 Polearms
 + Level 1.3 Staves
 + Level 1.3 Slings
 + Level 1.3 Bows
 + Level 6.6 Crossbows
 + Level 1.3 Throwing
 + Level 2.8 Armour
 + Level 1.3 Dodging
 + Level 2.6 Stealth
 + Level 1.3 Shields
 + Level 1.3 Unarmed Combat
 + Level 1.3 Spellcasting
 + Level 1.0 Conjurations
 + Level 1.0 Hexes
 + Level 1.0 Summonings
 + Level 1.0 Necromancy
 + Level 1.0 Translocations
 + Level 1.0 Transmutations
 + Level 1.0 Fire Magic
 + Level 1.0 Ice Magic
 + Level 1.0 Air Magic
 + Level 1.0 Earth Magic
 + Level 1.0 Poison Magic
 + Level 1.4 Invocations
 + Level 1.3 Evocations


You had 6 spell levels left.
You didn't know any spells.
Your spell library contained the following spells:

 Spells                   Type           Power      Damage    Failure   Level
 Magic Dart               Conj           8%         1d3       24%         1
 Ensorcelled Hibernation  Hex/Ice        4%         N/A       34%         2
 Passwall                 Tmut/Erth      1%         N/A       34%         2
 Searing Ray              Conj           4%         2d4       34%         2
 Swiftness                Air            2%         N/A       56%         3
 Fulminant Prism          Conj/Hex       1%         3d6       93%         4

Inventory:

Hand Weapons
 a - a +3 falchion (weapon) {long}
 b - a +0 hand crossbow {crossbow}
Missiles
 g - 29 stones {throwing}
Armour
 d - a +0 robe (worn)
Scrolls
 c - a scroll of fog
 f - a scroll of holy word {unknown}
 j - a scroll of identify {unknown}
 k - a scroll of summoning {unknown}

Dungeon Overview and Level Annotations

Branches:
Dungeon (3/15)

Altars:
Ru

#...# #...# #...#
#...##### #.......#
#.#.###.#
#########>#.###.###
..####.h.....#.#......<.
......g@............P...
...≈≈≈≈≈≈≈≈≈≈≈≈≈≈≈≈≈≈≈..
...≈≈≈≈≈≈≈≈≈≈≈≈≈≈≈≈≈≈≈..
...≈≈≈≈≈≈≈≈≈≈≈≈#####≈≈..
...............#..g#≈≈..
+++#############.o.#≈≈..
#' ##≈≈P[ ≈≈≈..


You could see a gnoll and a jackal.


Message History

😨 HP[-1]
You take 1 damage, and now have 15/38 hp.
You closely miss the adder. The adder bites you.
* * * LOW HITPOINT WARNING * * *
You are poisoned.
The adder poisons you! 😨 HP[-2]
You take 2 damage, and now have 13/38 hp.
You slash the adder!
You kill the adder!
You feel sick.
You have reached level 5! 😨 HP[+1] MP[+1]
You now have 43 max hp (+5).
Your mp is fully restored (6).
You start resting.
You feel sick. x4
You are no longer poisoned. 😨 HP[-3]
You take 3 damage, and now have 11/43 hp.
You start resting.
An orc comes into view.
It is wielding a +0 hunting sling. 😮 HP[+12]
You regained 12 hp, and now have 23/43 hp.
Unknown command.
You climb upwards.
The gnoll hits you from afar with a +0 spear.
* * * LOW HITPOINT WARNING * * *
The worm closely misses you.
There is a stone staircase leading down, spattered with blood here. 😨 HP[-5]
You take 5 damage, and now have 18/43 hp.
Unknown command.
Unknown command.
It was a potion of cancellation.
You feel magically purged.
The gnoll hits you from afar with a +0 spear.
* * * LOW HITPOINT WARNING * * *
😨 HP[-3]
You take 3 damage, and now have 15/43 hp.
You feel better. The gnoll closely misses you. The worm bites you!
* * * LOW HITPOINT WARNING * * *
You aren't carrying any items that you can evoke.
As you read the scroll labelled YMUWKUMEJA, it crumbles to dust.
You assume a fearsome visage.
The worm looks frightened!
The gnoll looks frightened!
It was a scroll of fear.
Things that are here:
a +0 club {mace}; a gnoll corpse 😨 HP[+1]
There is a stone staircase leading down here.
You climb downwards.
There is a stone staircase leading up here. 😨 HP[+1] Unknown command.
Unknown command.
You start resting. 😎 HP[+26]
Your hp is fully restored (43).
There is a stone staircase leading up here.
Found a stone staircase leading down.
There is a stone staircase leading down here.
A jackal comes into view.
A jackal is nearby!
A jackal is nearby!
A gnoll comes into view. It is wielding a +0 halberd.
A jackal comes into view.
The gnoll hits you from afar with a +0 halberd.
The jackal barks! 😕 HP[-5]
You take 5 damage, and now have 38/43 hp.
You slash the jackal!
You kill the jackal!
The gnoll barely misses you. The jackal bites you. 😕 HP[-1]
You take 1 damage, and now have 37/43 hp.
The gnoll completely misses you. The jackal closely misses you.
You see here a jackal corpse.
You barely miss the gnoll. The jackal completely misses you.
The gnoll closely misses you. The jackal completely misses you.
You slash the gnoll! Your bite misses the gnoll.
The gnoll hits you with a +0 halberd!
* * * LOW HITPOINT WARNING * * *
The jackal closely misses you. 😨 HP[-17]
You take 17 damage, and now have 20/43 hp.
MASSIVE DAMAGE!! (PAUSE) Unknown command.
You hit the gnoll. Your bite misses the gnoll. The jackal closely misses you.
The gnoll hits you with a +0 halberd!
* * * LOW HITPOINT WARNING * * *
The jackal barely misses you. 😱 HP[-11]
You take 11 damage, and now have 9/43 hp.
MASSIVE DAMAGE!! (PAUSE) Unknown command.
You barely miss the gnoll. The gnoll hits you with a +0 halberd.
* * * LOW HITPOINT WARNING * * *
The jackal misses you. 😱 HP[-2]
You take 2 damage, and now have 7/43 hp.
Unknown command.
You hit the gnoll. The gnoll hits you with a +0 halberd!
You die...

Skill      XL: |  1  2  3  4 |
---------------+-------------+-----
Invocations    | 1 |  1.4
Short Blades   | 1 |  1.3
Axes           | 1 |  1.3
Maces & Flails | 1 |  1.3
Polearms       | 1 |  1.3
Staves         | 1 |  1.3
Slings         | 1 |  1.3
Bows           | 1 |  1.3
Throwing       | 1 |  1.3
Dodging        | 1 |  1.3
Shields        | 1 |  1.3
Unarmed Combat | 1 |  1.3
Spellcasting   | 1 |  1.3
Evocations     | 1 |  1.3
Conjurations   | 1 |  1.0
Hexes          | 1 |  1.0
Summonings     | 1 |  1.0
Necromancy     | 1 |  1.0
Translocations | 1 |  1.0
Transmutations | 1 |  1.0
Fire Magic     | 1 |  1.0
Ice Magic      | 1 |  1.0
Air Magic      | 1 |  1.0
Earth Magic    | 1 |  1.0
Poison Magic   | 1 |  1.0
Fighting       | |  4.7
Long Blades    | |  6.6
Crossbows      | |  6.6
Armour         | |  2.8
Stealth        | |  2.6

Action                   |  1- 3 |  4- 6 || total
-------------------------+-------+-------++-------
Melee: Falchion          |    23 |    25 ||    48
       Bite              |     1 |     2 ||     3
       Punch             |     1 |     1 ||     2
 Fire: Hand crossbow     |    51 |    16 ||    67
Invok: Sacrifice Courage |     1 |       ||     1
  Use: Potion            |       |     4 ||     4
       Scroll            |       |     1 ||     1
 Stab: Sleeping          |     1 |       ||     1
Armor: Robe              |     6 |     6 ||    12
Dodge: Dodged            |    14 |    28 ||    42

Levels and vault maps discovered:
D:1:      elethiomel_arrival_maze, layout_loops_ring,
          ebering_ecumenical_altar_mist
D:2:      layout_loops_ring, basic_altar, uniq_jessica
D:3:      lemuel_castle_with_subvaults [lemuel_castle_interior_carwin_2],
          layout_loops_cross, lemuel_coloured_pillars_altar

Notes
Turn   | Place    | Note
-------+----------+-------------------------------------------
     0 | D:1      | spaghetti the Gnoll Wanderer began the quest for the Orb.
     0 | D:1      | spaghetti set off with the following items: a +3 falchion
                  | {long}, a +0 hand crossbow {crossbow}, a scroll of fog, a
                  | +0 robe
     0 | D:1      | Reached XP level 1. HP: 20/20 MP: 1/1
     0 | D:1      | magus.rc [v1.9.6]
    81 | D:1      | Found a faded altar of an unknown god.
   102 | D:1      | Prayed at the altar of an unknown god.
   102 | D:1      | Became a worshipper of Ru the Awakened
   123 | D:1      | magus.rc [v1.9.6]
   203 | D:1      | Reached XP level 2. HP: 26/26 MP: 2/2
   286 | D:1      | You pick up a book of Burglary and begin reading...
   286 | D:1      | You add the spells Passwall, Ensorcelled Hibernation and
                  | Swiftness to your library.
   378 | D:1      | Gained mutation: Your cowardice makes you less effective in
                  | combat with threatening foes. [Ru sacrifice]
   378 | D:1      | Reached * piety under Ru
   498 | D:1      | You pick up a book of Conjurations {@e2} and begin
                  | reading...
   498 | D:1      | You add the spells Magic Dart, Searing Ray and Fulminant
                  | Prism to your library.
   512 | D:1      | Reached XP level 3. HP: 21/31 MP: 3/3
   935 | D:2      | Reached skill level 1 in Invocations
  1091 | D:2      | Noticed Jessica
  1096 | D:2      | Reached skill level 1 in Short Blades
  1096 | D:2      | Reached skill level 1 in Axes
  1096 | D:2      | Reached skill level 1 in Maces & Flails
  1096 | D:2      | Reached skill level 1 in Polearms
  1096 | D:2      | Reached skill level 1 in Staves
  1096 | D:2      | Reached skill level 1 in Slings
  1096 | D:2      | Reached skill level 1 in Bows
  1096 | D:2      | Reached skill level 1 in Throwing
  1096 | D:2      | Reached skill level 1 in Dodging
  1096 | D:2      | Reached skill level 1 in Shields
  1096 | D:2      | Reached skill level 1 in Unarmed Combat
  1096 | D:2      | Reached skill level 1 in Spellcasting
  1096 | D:2      | Reached skill level 1 in Evocations
  1098 | D:2      | Killed Jessica
  1099 | D:2      | Reached XP level 4. HP: 35/38 MP: 5/5
  1251 | D:2      | Reached skill level 1 in Conjurations
  1251 | D:2      | Reached skill level 1 in Hexes
  1251 | D:2      | Reached skill level 1 in Summonings
  1251 | D:2      | Reached skill level 1 in Necromancy
  1251 | D:2      | Reached skill level 1 in Translocations
  1251 | D:2      | Reached skill level 1 in Transmutations
  1251 | D:2      | Reached skill level 1 in Fire Magic
  1251 | D:2      | Reached skill level 1 in Ice Magic
  1251 | D:2      | Reached skill level 1 in Air Magic
  1251 | D:2      | Reached skill level 1 in Earth Magic
  1251 | D:2      | Reached skill level 1 in Poison Magic
  1283 | D:3      | Reached XP level 5. HP: 14/43 MP: 6/6
  1604 | D:3      | HP: 9/43 [gnoll/+0 halberd (11)]
  1606 | D:3      | Slain by a gnoll

Vanquished Creatures
  Jessica (D:2)
  2 gnolls
  4 adders
  4 dart slugs
  2 endoplasms
  A goblin (D:2)
  2 hobgoblins (D:1)
  A jackal (D:3)
  2 quokkas
  4 ball pythons
  4 bats (D:1)
  6 kobolds (D:1)
  A rat (D:1)
34 creatures vanquished.

Table legend:
 A = Non-vault XP
 B = Vault XP
 C = Vault XP percentage of total XP
 D = Non-vault monster count
 E = Vault monster count
 F = Vault count percentage of total count
                 A         B        C        D         E       F
            +---------+---------+-------+---------+---------+-------
      Total |     133 |      39 |  22.7 |      32 |       2 |   5.9
            +---------+---------+-------+---------+---------+-------
        D:1 |      36 |       0 |   0.0 |      20 |       0 |   0.0
        D:2 |      66 |      37 |  35.9 |       9 |       1 |  10.0
        D:3 |      31 |       2 |   6.1 |       3 |       1 |  25.0
            +---------+---------+-------+---------+---------+-------

Illustrated notes

Table legend:
 A = Kills in this place as a percentage of kills in entire the game.
 B = Kills by you in this place as a percentage of kills by you in the entire game.
 C = Kills by friends in this place as a percentage of kills by friends in the entire game.
 D = Other kills in this place as a percentage of other kills in the entire game.
 E = Experience gained in this place as a percentage of experience gained in the entire game.
 F = Experience gained in this place divided by the number of levels of this place that you have seen.
                   A       B       C       D       E      F
               +-------+-------+-------+-------+-------+----------------------
         Total | 100.0 | 100.0 |   N/A |   N/A | 100.0 |  57.3
       Dungeon | 100.0 | 100.0 |   N/A |   N/A | 100.0 |  57.3
               +-------+-------+-------+-------+-------+----------------------

Table legend: (Time is in decaauts)
 A = Elapsed time spent in this place.
 B = Non-inter-level travel time spent in this place.
 C = Inter-level travel time spent in this place.
 D = Time resting spent in this place.
 E = Time spent auto-exploring this place.
 F = Levels seen in this place.
 G = Mean time per level.
                   A        B        C        D        E       F      G
               +--------+--------+--------+--------+--------+-----+--------+
         Total |   1609 |   1567 |     42 |    357 |    980 |   3 |  536.3 |
       Dungeon |   1609 |   1567 |     42 |    357 |    980 |   3 |  536.3 |
               +--------+--------+--------+--------+--------+-----+--------+

Top non-repeatable levels by time:
     D:1: 805 daAuts
     D:2: 476 daAuts
     D:3: 327 daAuts
